ESL (28 & UNDER)
INTERCOURSE AMISH @ WILMINGTON REBELS
08/22/2030
 
TOP OF THE 1ST
Intercourse Amish batting - Pitching for Wilmington Rebels : LHP Alan Baca
Pitching: LHP Alan Baca
Batting: LHB Jesús Raugel 0-0: Called Strike
0-1: Ball
1-1: Ball
2-1: Fly out, F8 (Flyball, 8LD)
Batting: RHB Brian Stewart 0-0: Called Strike
0-1: Foul Ball, location: 2F
0-2: Ball
1-2: Foul Ball, location: 2F
1-2: Ball
2-2: Strikes out swinging
Batting: RHB Gustavo Rodríguez 0-0: Ball
1-0: Ball
2-0: SINGLE (Flyball, 9LS)
Batting: RHB Frank Maxwell 0-0: Ball
1-0: Ball
2-0: Ball
3-0: Base on Balls
Gustavo Rodríguez to second
Batting: RHB Roberto Solís 0-0: Foul Ball, location: 2F
0-1: Ball
1-1: Foul Ball, location: 2F
1-2: Foul Ball, location: 2F
1-2: Ball
2-2: Ball
3-2: SINGLE (Groundball, 6MD)
Gustavo Rodríguez to third
Frank Maxwell to second
Gustavo Rodríguez scores
Frank Maxwell to third
Batting: RHB Esteban Ayala 0-0: Fly out, F8 (Flyball, 8LD)
Top of the 1st over - 1 run, 2 hits, 0 errors, 2 left on base; Intercourse 1 - Wilmington 0
BOTTOM OF THE 1ST
Wilmington Rebels batting - Pitching for Intercourse Amish : LHP Miguel Meneces
Pitching: LHP Miguel Meneces
Batting: RHB Guillermo González 0-0: Ball
1-0: Ball
2-0: Foul Ball, location: 2F
2-1: Ball
3-1: Called Strike
3-2: Base on Balls
Batting: LHB Alberto Castellanos 0-0: Foul Ball, location: 2F
0-1: Hit by Pitch
Guillermo González to second
Batting: RHB Henry Dawson 0-0: Ball
1-0: Called Strike
1-1: 3-RUN HOME RUN (Flyball, 7LD), Distance : 361 ft
Batting: RHB Tucker Cooper 0-0: Fly out, F4 (Popup, 4)
Batting: LHB Guillermo Santos 0-0: Called Strike
0-1: Foul Ball, location: 2F
0-2: Ball
1-2: Strikes out swinging
Batting: LHB Seth Sullivan 0-0: Called Strike
0-1: Ball
1-1: Ball
2-1: Swinging Strike
2-2: SINGLE (Groundball, 4MS) (infield hit)
Batting: RHB León Gómez 0-0: Called Strike
Seth Sullivan steals 2nd base
0-1: Ball
1-1: Ball
2-1: Swinging Strike
2-2: Ball
3-2: Strikes out swinging
Bottom of the 1st over - 3 runs, 2 hits, 0 errors, 1 left on base; Intercourse 1 - Wilmington 3
TOP OF THE 2ND
Intercourse Amish batting - Pitching for Wilmington Rebels : LHP Alan Baca
Batting: LHB Bruce Foster 0-0: Ball
1-0: Called Strike
1-1: Swinging Strike
1-2: Ball
2-2: DOUBLE (Line Drive, 9D)
Batting: LHB Carlos De La Rosa 0-0: Ground out 3-1 (Groundball, 3D)
Bruce Foster to third
Batting: SHB Conan Hanson 0-0: Ball
1-0: Fly out, F5 (Popup, 5SF)
Batting: LHB Jesús Raugel 0-0: SINGLE (Line Drive, 8LS)
Bruce Foster scores
Batting: RHB Brian Stewart 0-0: Called Strike
Jesús Raugel steals 2nd base
0-1: Foul Ball, location: 2F
0-2: Ball
1-2: Ball
2-2: Foul Ball, location: 2F
2-2: Strikes out swinging
Top of the 2nd over - 1 run, 2 hits, 0 errors, 1 left on base; Intercourse 2 - Wilmington 3
BOTTOM OF THE 2ND
Wilmington Rebels batting - Pitching for Intercourse Amish : LHP Miguel Meneces
Batting: RHB Brian McCoy 0-0: Foul Ball, location: 2F
0-1: Foul Ball, location: 2F
0-2: Strikes out swinging
Batting: LHB António Gutiérrez 0-0: Swinging Strike
0-1: Foul Ball, location: 2F
0-2: Strikes out looking
Batting: RHB Guillermo González 0-0: Ball
1-0: Ball
2-0: Called Strike
2-1: Ball
3-1: Base on Balls
Batting: LHB Alberto Castellanos 0-0: Ball
1-0: Called Strike
1-1: Swinging Strike
1-2: Ground out 4-3 (Groundball, 4)
Bottom of the 2nd over - 0 runs, 0 hits, 0 errors, 1 left on base; Intercourse 2 - Wilmington 3
TOP OF THE 3RD
Intercourse Amish batting - Pitching for Wilmington Rebels : LHP Alan Baca
Batting: RHB Gustavo Rodríguez 0-0: Ball
1-0: Called Strike
1-1: SINGLE (Line Drive, 4M)
Batting: RHB Frank Maxwell 0-0: Called Strike
0-1: Fly out, F7 (Flyball, 78S)
Batting: RHB Roberto Solís 0-0: Foul Ball, location: 2F
0-1: Swinging Strike
0-2: Ball
1-2: Strikes out swinging
Batting: RHB Esteban Ayala 0-0: Ball
1-0: SINGLE (Line Drive, 34D)
Gustavo Rodríguez to second
Batting: LHB Bruce Foster 0-0: Called Strike
0-1: Ball
1-1: Ball
2-1: SINGLE (Groundball, 6MD)
Gustavo Rodríguez to third
Esteban Ayala to second
Batting: LHB Carlos De La Rosa 0-0: Ball
1-0: Foul Ball, location: 2F
1-1: Called Strike
1-2: Foul Ball, location: 2F
1-2: Strikes out looking
Top of the 3rd over - 0 runs, 3 hits, 0 errors, 3 left on base; Intercourse 2 - Wilmington 3
BOTTOM OF THE 3RD
Wilmington Rebels batting - Pitching for Intercourse Amish : LHP Miguel Meneces
Batting: RHB Henry Dawson 0-0: Ball
1-0: Swinging Strike
1-1: Foul Ball, location: 2F
1-2: Fly out, F7 (Flyball, 7LM)
Batting: RHB Tucker Cooper 0-0: Ball
1-0: Ball
2-0: SINGLE (Flyball, 89M)
Batting: LHB Guillermo Santos 0-0: Ball
1-0: Fly out, F2 (Popup, 2RF)
Batting: LHB Seth Sullivan 0-0: Called Strike
0-1: Ball
1-1: SINGLE (Groundball, 6MD)
Tucker Cooper to second
Batting: RHB León Gómez 0-0: Ball
1-0: Foul Ball, location: 2F
1-1: Foul Ball, location: 2F
1-2: Foul Ball, location: 2F
1-2: Foul Ball, location: 2F
1-2: Strikes out looking
Bottom of the 3rd over - 0 runs, 2 hits, 0 errors, 2 left on base; Intercourse 2 - Wilmington 3
TOP OF THE 4TH
Intercourse Amish batting - Pitching for Wilmington Rebels : LHP Alan Baca
Batting: SHB Conan Hanson 0-0: SINGLE (Line Drive, 9S)
Batting: LHB Jesús Raugel 0-0: Ball
1-0: Foul Ball, location: 2F
1-1: Called Strike
1-2: Ball
2-2: Strikes out swinging
Batting: RHB Brian Stewart 0-0: Swinging Strike
0-1: Called Strike
0-2: Foul Ball, location: 2F
0-2: SINGLE (Line Drive, 8RS)
Conan Hanson to second
Batting: RHB Gustavo Rodríguez 0-0: Foul Ball, location: 2F
0-1: Grounds into double play, 4-6-3 (Groundball, 4)
Top of the 4th over - 0 runs, 2 hits, 0 errors, 1 left on base; Intercourse 2 - Wilmington 3
BOTTOM OF THE 4TH
Wilmington Rebels batting - Pitching for Intercourse Amish : LHP Miguel Meneces
Batting: RHB Brian McCoy 0-0: Foul Ball, location: 2F
0-1: Ball
1-1: Foul Ball, location: 2F
1-2: Strikes out swinging
Batting: LHB António Gutiérrez 0-0: Fly out, F6 (Popup, 4MS)
Batting: RHB Guillermo González 0-0: Ball
1-0: Ball
2-0: Fly out, F7 (Flyball, 7LSF)
Bottom of the 4th over - 0 runs, 0 hits, 0 errors, 0 left on base; Intercourse 2 - Wilmington 3
TOP OF THE 5TH
Intercourse Amish batting - Pitching for Wilmington Rebels : LHP Alan Baca
Batting: RHB Frank Maxwell 0-0: Fly out, F7 (Flyball, 7S)
Batting: RHB Roberto Solís 0-0: Ball
1-0: Ball
2-0: Ball
3-0: Called Strike
3-1: Base on Balls
Batting: RHB Esteban Ayala 0-0: Foul Ball, location: 2F
0-1: Grounds into double play, 6-4-3 (Groundball, 6)
Top of the 5th over - 0 runs, 0 hits, 0 errors, 0 left on base; Intercourse 2 - Wilmington 3
BOTTOM OF THE 5TH
Wilmington Rebels batting - Pitching for Intercourse Amish : LHP Miguel Meneces
Batting: LHB Alberto Castellanos 0-0: Called Strike
0-1: Ball
1-1: SINGLE (Line Drive, 3D)
Batting: RHB Henry Dawson 0-0: Fly out, F8 (Flyball, 8RD)
Batting: RHB Tucker Cooper 0-0: Ball
Alberto Castellanos is caught stealing 2nd base
1-0: Foul Ball, location: 2F
1-1: Foul Ball, location: 2F
1-2: Ball
2-2: Fly out, F5 (Line Drive, 5)
Bottom of the 5th over - 0 runs, 1 hit, 0 errors, 0 left on base; Intercourse 2 - Wilmington 3
TOP OF THE 6TH
Intercourse Amish batting - Pitching for Wilmington Rebels : LHP Alan Baca
Batting: LHB Bruce Foster 0-0: Ball
1-0: Ball
2-0: Ball
3-0: Called Strike
3-1: Swinging Strike
3-2: Foul Ball, location: 2F
3-2: Base on Balls
Batting: LHB Carlos De La Rosa 0-0: Fly out, F9 (Flyball, 89M)
Batting: SHB Conan Hanson 0-0: Ball
1-0: Ball
2-0: Ball
3-0: Called Strike
3-1: SINGLE (Line Drive, 4MD)
Bruce Foster to second
Batting: LHB Jesús Raugel 0-0: Ball
1-0: Ball
2-0: Ball
3-0: Base on Balls
Bruce Foster to third
Conan Hanson to second
Batting: RHB Brian Stewart 0-0: Ball
1-0: Ball
2-0: Ball
3-0: Called Strike
3-1: Base on Balls
Bruce Foster scores
Conan Hanson to third
Jesús Raugel to second
Batting: RHB Gustavo Rodríguez 0-0: Ball
Wild Pitch!
Conan Hanson scores
Jesús Raugel to third
Brian Stewart to second
1-0: Foul Ball, location: 2F
1-1: Foul Ball, location: 2F
1-2: Foul Ball, location: 2F
1-2: Ball
2-2: Fly out, F9 (Flyball, 9LSF)
Runner from 3rd tags up, SCORES, no throw
Pitching: RHP Wayne Foster
Batting: RHB Frank Maxwell 0-0: Ball
1-0: Ball
2-0: Ball
3-0: Called Strike
3-1: Base on Balls
Batting: RHB Roberto Solís 0-0: Foul Ball, location: 2F
0-1: Ball
1-1: Fielders Choice at 2nd, 6-4 (Groundball, 6)
Top of the 6th over - 3 runs, 1 hit, 0 errors, 2 left on base; Intercourse 5 - Wilmington 3
BOTTOM OF THE 6TH
Wilmington Rebels batting - Pitching for Intercourse Amish : LHP Miguel Meneces
Batting: LHB Guillermo Santos 0-0: Ball
1-0: Called Strike
1-1: Ball
2-1: Foul Ball, location: 2F
2-2: Strikes out swinging
Batting: LHB Seth Sullivan 0-0: Called Strike
0-1: Swinging Strike
0-2: Ball
1-2: Ball
2-2: Strikes out swinging
Batting: RHB León Gómez 0-0: Ball
1-0: Ball
2-0: Swinging Strike
2-1: Ball
3-1: Base on Balls
Batting: RHB Brian McCoy 0-0: Called Strike
0-1: Called Strike
0-2: Strikes out swinging
Bottom of the 6th over - 0 runs, 0 hits, 0 errors, 1 left on base; Intercourse 5 - Wilmington 3
TOP OF THE 7TH
Intercourse Amish batting - Pitching for Wilmington Rebels : RHP Wayne Foster
Batting: RHB Esteban Ayala 0-0: Called Strike
0-1: SINGLE (Line Drive, 34D)
Batting: LHB Bruce Foster 0-0: Ball
1-0: Ball
2-0: Ball
3-0: Called Strike
3-1: Foul Ball, location: 2F
3-2: Strikes out swinging
Esteban Ayala is caught stealing 2nd base
Batter strikes out.
Batting: LHB Carlos De La Rosa 0-0: Ball
1-0: Ball
2-0: Foul Ball, location: 2F
2-1: Foul Ball, location: 2F
2-2: Strikes out looking
Top of the 7th over - 0 runs, 1 hit, 0 errors, 0 left on base; Intercourse 5 - Wilmington 3
BOTTOM OF THE 7TH
Wilmington Rebels batting - Pitching for Intercourse Amish : LHP Miguel Meneces
Batting: LHB António Gutiérrez 0-0: Ball
1-0: Foul Ball, location: 2F
1-1: Foul Ball, location: 2F
1-2: Foul Ball, location: 2F
1-2: Strikes out swinging
Batting: RHB Guillermo González 0-0: Ball
1-0: Ball
2-0: Foul Ball, location: 2F
2-1: Swinging Strike
2-2: Strikes out swinging
Batting: LHB Alberto Castellanos 0-0: Ball
1-0: Ball
2-0: Called Strike
2-1: Fly out, F8 (Flyball, 78M)
Bottom of the 7th over - 0 runs, 0 hits, 0 errors, 0 left on base; Intercourse 5 - Wilmington 3
TOP OF THE 8TH
Intercourse Amish batting - Pitching for Wilmington Rebels : RHP Wayne Foster
Batting: SHB Conan Hanson 0-0: Ball
1-0: Ball
2-0: Ball
3-0: Base on Balls
Batting: LHB Jesús Raugel 0-0: Sac Bunt - play at first, batter OUT! 1-3
Conan Hanson to second
Batting: RHB Brian Stewart 0-0: Ball
1-0: Called Strike
1-1: SINGLE (Groundball, 4D)
Conan Hanson to third
Runner from 3rd tries for Home, throw and OUT!
Batting: RHB Gustavo Rodríguez 0-0: Ball
1-0: Fielders Choice at 2nd, 6-4 (Groundball, 6)
Top of the 8th over - 0 runs, 1 hit, 0 errors, 1 left on base; Intercourse 5 - Wilmington 3
BOTTOM OF THE 8TH
Wilmington Rebels batting - Pitching for Intercourse Amish : LHP Miguel Meneces
Pitching: RHP José Gonzáles
Batting: RHB Henry Dawson 0-0: Called Strike
0-1: Ball
1-1: Ground out U3 (Groundball, 34S)
Batting: RHB Tucker Cooper 0-0: Called Strike
0-1: Foul Ball, location: 2F
0-2: Foul Ball, location: 2F
0-2: Ball
1-2: Ball
2-2: Ball
3-2: Strikes out swinging
Batting: LHB Guillermo Santos 0-0: Called Strike
0-1: Ball
1-1: SINGLE (Groundball, 4D)
Batting: LHB Seth Sullivan 0-0: Ball
1-0: Swinging Strike
1-1: Called Strike
1-2: Ball
2-2: Fly out, F4 (Line Drive, 4)
Bottom of the 8th over - 0 runs, 1 hit, 0 errors, 1 left on base; Intercourse 5 - Wilmington 3
TOP OF THE 9TH
Intercourse Amish batting - Pitching for Wilmington Rebels : RHP Wayne Foster
Batting: RHB Frank Maxwell 0-0: Ball
1-0: Ball
2-0: Ball
3-0: Base on Balls
Batting: RHB Roberto Solís 0-0: Ball
1-0: Called Strike
1-1: Called Strike
1-2: Ball
2-2: Ball
3-2: Base on Balls
Frank Maxwell to second
Pitching: RHP Esteban Ramírez
Pinch Hitting: RHB Júlio Serra 0-0: Sac Bunt - play at first, batter OUT! 2-3
Frank Maxwell to third
Roberto Solís to second
Batting: LHB Bruce Foster 0-0: Intentional Walk
Batting: LHB Carlos De La Rosa 0-0: Ball
1-0: Swinging Strike
1-1: Called Strike
1-2: Foul Ball, location: 2F
1-2: SINGLE (Groundball, 6MD)
Frank Maxwell scores
Roberto Solís to third
Bruce Foster to second
Batting: SHB Conan Hanson 0-0: Called Strike
0-1: Grounds into fielders choice 3-2 (Groundball, 3)
Bruce Foster to third
Carlos De La Rosa to second
Batting: LHB Jesús Raugel 0-0: Ball
1-0: Called Strike
1-1: Foul Ball, location: 2F
1-2: Fly out, F9 (Line Drive, 9D)
Top of the 9th over - 1 run, 1 hit, 0 errors, 3 left on base; Intercourse 6 - Wilmington 3
BOTTOM OF THE 9TH
Wilmington Rebels batting - Pitching for Intercourse Amish : RHP José Gonzáles
Pitching: RHP Will Brown
Now in RF: Júlio Serra
Batting: RHB León Gómez 0-0: Ball
1-0: SINGLE (Groundball, 4M) (infield hit)
Batting: RHB Brian McCoy 0-0: Grounds into double play, 5-4-3 (Groundball, 56)
Batting: LHB António Gutiérrez 0-0: Swinging Strike
0-1: Ball
1-1: Called Strike
1-2: Foul Ball, location: 2F
1-2: Ball
2-2: Strikes out swinging
Bottom of the 9th over - 0 runs, 1 hit, 0 errors, 0 left on base; Intercourse 6 - Wilmington 3
Saturday, April 7th, 2018 - OOTP Baseball 18.8 Build 76